 Dungeon Crawl Stone Soup version 0.28.0-43-g3370ac3207 (webtiles) character file.

Game seed: 10225118780367501709

1628 sking99 the Spear-Bearer (level 8, 0/63 HPs)
             Began as a Merfolk Venom Mage on Mar 14, 2022.
             Was an Initiate of Sif Muna.
             Killed from afar by Maggie (21 damage)
             ... with a bolt of fire
             ... on level 7 of the Dungeon.
             The game lasted 00:20:25 (8149 turns).

sking99 the Spear-Bearer (Merfolk Venom Mage)       Turns: 8149, Time: 00:20:25

Health: 0/63       AC:  6    Str:  8    XL:     8   Next: 97%
Magic:  0/11       EV: 13    Int: 16    God:    Sif Muna [......]
Gold:   303        SH:  0    Dex: 15    Spells: 5/12 levels left

rFire   . . .      SeeInvis .   m - +1 spear
rCold   + . .      Faith    .   (no shield)
rNeg    . . .      Spirit   .   q - +0 leather armour
rPois   .          Reflect  .   (no helmet)
rElec   .          Harm     .   (no cloak)
rCorr   .          Rampage  .   u - +0 pair of gloves
Will    .....                   p - +1 pair of boots
Stlth   ++........              n - amulet of regeneration
HPRegen 1.00/turn               d - ring of wizardry
MPRegen 0.12/turn               g - ring of protection from cold

@: mesmerised
A: (nimble swimmer 2), mertail
a: Renounce Religion


You were on level 7 of the Dungeon.
You worshipped Sif Muna.
Sif Muna was noncommittal.
You visited 2 branches of the dungeon, and saw 8 of its levels.

You collected 303 gold pieces.

Inventory:

Hand Weapons
 m - a +1 spear (weapon)
Armour
 p - a +1 pair of boots (worn)
 q - a +0 leather armour (worn)
 u - a +0 pair of gloves (worn)
Jewellery
 b - an amulet of magic regeneration
 d - a ring of wizardry (left hand)
 g - a ring of protection from cold (right hand)
 j - an amulet of guardian spirit
 n - an amulet of regeneration (around neck)
 o - an amulet of reflection
Wands
 s - a wand of iceblast (7)
Scrolls
 a - a scroll of fear
 e - a scroll of enchant weapon
 f - a scroll of identify
 i - a scroll of enchant armour
 k - 2 scrolls of teleportation {unknown}
Potions
 c - a potion of degeneration
 h - a potion of cancellation
 l - a potion of heal wounds
 t - 2 potions of attraction
 v - a potion of curing
 w - a potion of might {unknown}
 x - 4 potions of ambrosia {unknown}
 z - a potion of flight {unknown}
Miscellaneous
 r - a tin of tremorstones (2/2)


   Skills:
 + Level 5.4 Fighting
 * Level 8.8 Polearms
 + Level 4.4 Dodging
 - Level 2.1 Stealth
 - Level 2.5 Spellcasting
 - Level 2.0 Transmutations
 - Level 8.0 Poison Magic


You had 5 spell levels left.
You knew the following spells:

 Your Spells              Type           Power      Damage    Failure   Level
a - Sting                 Tmut/Pois      72%        1d6       1%          1
b - Poisonous Vapours     Pois/Air       28%        N/A       3%          2
c - Olgreb's Toxic Radia  Pois           27%        N/A       4%          4

Your spell library contained the following spells:

 Spells                   Type           Power      Damage    Failure   Level
 Sandblast                Erth           4%         2d4       12%         1
 Passwall                 Tmut/Erth      4%         N/A       12%         2
 Mephitic Cloud           Conj/Pois/Air  10%        N/A       12%         3
 Inner Flame              Hex/Fire       2%         N/A       32%         3
 Stone Arrow              Conj/Erth      4%         3d7       32%         3
 Cause Fear               Hex            1%         N/A       71%         4
 Discord                  Hex            1%         N/A       100%        8


Dungeon Overview and Level Annotations

Branches:
Dungeon (7/15)             Temple (1/1) D:6

Altars:
Ashenzari
Cheibriados
Elyvilon
Fedhas
Gozag
Kikubaaqudgha
Makhleb
Nemelex Xobeh
Okawaru
Qazlal
Ru
Sif Muna
Uskayaw
Vehumet
Wu Jian
Xom
Yredelemnul
Zin
The Shining One

Shops:
D:2 *

Annotations:
D:4 4 runed translucent doors
D:7 Maggie, Pikel


Innate Abilities, Weirdness & Mutations

((You are very nimble when in or above water. (Stealth+, EV+, Speed+++)))
Your lower body shifts to a powerful aquatic tail in water.


Message History

Aim: Maggie, wielding a +0 war axe and wearing +0 swamp dragon scales (lightly wounded, mesmerising, poisoned, 77% to hit)
The sting hits Maggie but does no damage.
Maggie looks even sicker.
Maggie is lightly wounded.
The kobold brigand hits you with a +0 short sword.
Maggie gestures wildly while chanting.
Maggie draws you further into her thrall.
You hit Maggie but do no damage.
Maggie is lightly wounded.
The kobold brigand hits you with a +0 short sword.
You completely miss the kobold brigand.
The kobold brigand is almost dead.
Maggie mumbles some strange words.
Maggie draws you further into her thrall.
You hit the kobold brigand.
You kill the kobold brigand!
Sif Muna accepts your kill. Maggie hits you with a +0 war axe.
Training target 8.0 for Poison Magic reached!
Your Poison Magic skill increases to level 8!
You barely miss Maggie.
Maggie is lightly wounded.
You hit Maggie but do no damage.
Maggie is lightly wounded.
Maggie hits you with a +0 war axe!
* * * LOW HITPOINT WARNING * * *
You hit Maggie but do no damage.
Maggie is lightly wounded.
Maggie gestures wildly while chanting.
Maggie draws you further into her thrall.
You hit Maggie but do no damage.
Maggie is lightly wounded.
You barely miss Maggie.
Maggie is lightly wounded.
Maggie barely misses you.
You hit Maggie.
Maggie is moderately wounded.
Maggie casts a spell at you. The bolt of fire hits you!!
You die...

). # #.# ..
..# ... ..#
.... ##).#
.....##...#
#$..@).##
#..@...#
##.....#
#..###....
#.## .#. ..
#.# #. ..


You could see Maggie (mesmerising, poisoned).

Vanquished Creatures
  2 water moccasins
  2 orc warriors
  An ice beast (D:4)
  A sky beast (D:5)
  A necrophage (D:5)
  An ogre (D:4)
  A centaur (D:6)
  2 phantoms
  A bullfrog (D:6)
  A kobold brigand (D:7)
  A scorpion (D:4)
  A howler monkey (D:5)
  A bullfrog skeleton (D:6)
  A bullfrog zombie (D:5)
  2 hounds
  2 iguanas (D:5)
  An orc wizard (D:3)
  A hound zombie (D:5)
  3 gnolls (D:5)
  8 adders
  2 adder skeletons (D:4)
  A worm (D:2)
  4 dart slugs
  7 orcs
  7 ball pythons
  4 bats
  10 endoplasms
  4 giant cockroaches
  10 goblins
  10 hobgoblins
  5 jackals
  13 kobolds
  4 quokkas
  4 frilled lizards
  5 rats
124 creatures vanquished.

Notes
Turn   | Place    | Note
-------+----------+-------------------------------------------
     0 | D:1      | sking99 the Merfolk Venom Mage began the quest for the Orb.
     0 | D:1      | Reached XP level 1. HP: 13/13 MP: 3/3
   145 | D:1      | Reached XP level 2. HP: 16/20 MP: 1/5
   216 | D:1      | Learned a level 2 spell: Poisonous Vapours
   664 | D:1      | Reached skill level 1 in Fighting
   679 | D:1      | Reached XP level 3. HP: 26/26 MP: 4/6
   737 | D:1      | Found a faded altar of an unknown god.
  1315 | D:2      | Reached XP level 4. HP: 23/33 MP: 5/7
  1367 | D:2      | Learned a level 4 spell: Olgreb's Toxic Radiance
  1793 | D:2      | Found Xyfutt's Assorted Antiques.
  2580 | D:3      | Reached XP level 5. HP: 38/38 MP: 1/8
  2647 | D:3      | Reached skill level 5 in Poison Magic
  3206 | D:4      | Noticed a kobold brigand
  3207 | D:4      | Found a large runed translucent door.
  3207 | D:4      | Found a large runed translucent door.
  3208 | D:4      | Found a large runed translucent door.
  3208 | D:4      | Found a large runed translucent door.
  3221 | D:4      | Reached skill level 1 in Polearms
  3231 | D:4      | Reached XP level 6. HP: 41/46 MP: 3/9
  3329 | D:4      | Identified the +10 spear of Ahiqobb {vorpal, rCorr}
  3386 | D:4      | Identified the +6 chain mail "Tiliotoz" {*Slow Int+5}
  3412 | D:4      | Noticed an ice beast
  3438 | D:4      | Killed an ice beast
  3832 | D:4      | Reached XP level 7. HP: 38/52 MP: 5/10
  4363 | D:5      | Entered Level 5 of the Dungeon
  4679 | D:5      | Reached skill level 5 in Polearms
  5424 | D:5      | Reached XP level 8. HP: 60/60 MP: 5/11
  6922 | D:6      | Reached skill level 5 in Fighting
  7150 | D:6      | Found an iron altar of Okawaru.
  7375 | D:6      | Found a staircase to the Ecumenical Temple.
  7382 | Temple   | Entered the Ecumenical Temple
  7502 | Temple   | Became a worshipper of Sif Muna the Loreminder
  7954 | D:7      | Noticed Pikel
  8058 | D:7      | Noticed Maggie
  8149 | D:7      | Killed from afar by Maggie

Illustrated notes

Levels and vault maps discovered:
D:1:      dpeg_arrival_round_c, layout_loops_ring,
          ebering_ecumenical_altar_rust, kennysheep_small_spiral,
          nrook_loot_triangle
D:2:      kennysheep_big_flooded_room, layout_basic, serial_shops, shop,
          kennysheep_generic_room_12
D:3:      layout_rooms, roderic_roman_lattice, corner_web_ring
D:4:      layout_basic, chequers_decorated_corner, minmay_hollow_rounded_squares
D:5:      layout_basic, minmay_misc_feat_more_columns,
          eino_small_chamber_without_monster, minmay_misc_feat_plants,
          roderic_malta_cross
D:6:      layout_loops_ring, kennysheep_little_box, temple_green,
          kennysheep_generic_room_5
D:7:      nzn_winding_woodlands_three_and_one
          [nzn_winding_woodlands_5x15_sidewinder,
          nzn_winding_woodlands_5x15_sawtooth, nzn_winding_woodlands_5x15_pool,
          nzn_winding_woodlands_center_garden], layout_layer_cave, trog_wizard,
          mainiacjoe_overflow_24_doors, minmay_misc_feat_five, uniq_pikel,
          uniq_maggie, uniq_harold, uniq_prince_ribbit1
Temple:   compressed_dpeg_circular_temple

Skill      XL: |  1  2  3  4  5  6  7  8 |
---------------+-------------------------+-----
Transmutations | 2 |  2.0
Fighting       | 1 2 3 4 5 |  5.4
Poison Magic   | 4 5 6 7 8 |  8.0
Dodging        | 3 4 |  4.4
Polearms       | 1 4 6 8 |  8.8
Stealth        | |  2.1
Spellcasting   | |  2.5

Action                   |  1- 3 |  4- 6 |  7- 9 || total
-------------------------+-------+-------+-------++-------
Melee: Unarmed           |       |     1 |       ||     1
       Spear             |       |    26 |   214 ||   240
       Punch             |       |       |     3 ||     3
 Cast: Sting             |    64 |    78 |    28 ||   170
       Poisonous Vapours |    17 |    81 |    75 ||   173
       Olgreb's Toxic Ra |       |       |     3 ||     3
  Use: Scroll            |       |     9 |     6 ||    15
       Potion            |       |       |     4 ||     4
 Stab: Invisible         |       |       |     5 ||     5
Armor: Robe              |     6 |    17 |       ||    23
       Leather armour    |       |       |    56 ||    56
Dodge: Dodged            |    16 |    37 |   148 ||   201
